 Dungeon Crawl Stone Soup version 0.29-a0-243-g602b31c20e (webtiles) character file.

Game seed: 9021600542544470673

28 Rennog the Skirmisher (level 3, -1/35 HPs)
             Began as a Gnoll Wanderer on Mar 5, 2022.
             Slain by Terence
             ... wielding a +0 mace
              (6 damage)
             ... on level 2 of the Dungeon.
             The game lasted 00:01:05 (769 turns).

Rennog the Skirmisher (Gnoll Wanderer)               Turns: 769, Time: 00:01:06

Health: -1/35      AC:  3    Str: 11    XL:     3   Next: 12%
Magic:  4/4        EV: 13    Int:  8    God:
Gold:   47         SH: 10    Dex: 16    Spells: 3/3 levels left

rFire   . . .      SeeInvis .   a - +0 hand axe
rCold   . . .      Faith    .   d - +0 buckler
rNeg    . . .      Spirit   .   c - +0 leather armour
rPois   .          Reflect  +   (no helmet)
rElec   .          Harm     .   (no cloak)
rCorr   .          Rampage  .   (no gloves)
Will    .....                   (no boots)
Stlth   +.........              g - amulet of reflection
HPRegen 0.11/turn               (no ring)
MPRegen 0.09/turn               (no ring)

@: no status effects
A: fangs 1, strong nose, distributed training
a: no special abilities


You were on level 2 of the Dungeon.
You visited 1 branch of the dungeon, and saw 2 of its levels.

You collected 47 gold pieces.

Inventory:

Hand Weapons
 a - a +0 hand axe (weapon)
Missiles
 b - 2 throwing nets (quivered)
Armour
 c - a +0 leather armour (worn)
 d - a +0 buckler (worn)
Jewellery
 g - an amulet of reflection (around neck)
Scrolls
 f - a scroll of enchant weapon {unknown}
 j - 3 scrolls of identify {unknown}
 l - a scroll of vulnerability {unknown}
Potions
 e - a potion of might {unknown}
 h - 2 potions of curing {unknown}
 i - a potion of brilliance {unknown}
 k - a potion of lignification {unknown}


   Skills:
 + Level 6.5 Fighting
 + Level 0.6 Short Blades
 + Level 0.6 Long Blades
 + Level 2.5 Axes
 + Level 0.6 Maces & Flails
 + Level 0.6 Polearms
 + Level 0.6 Staves
 + Level 0.6 Slings
 + Level 0.6 Bows
 + Level 0.6 Crossbows
 + Level 0.6 Throwing
 + Level 2.5 Armour
 + Level 4.5 Dodging
 + Level 0.6 Stealth
 + Level 4.5 Shields
 + Level 0.6 Unarmed Combat
 + Level 0.6 Spellcasting
 + Level 0.4 Conjurations
 + Level 0.4 Hexes
 + Level 0.4 Summonings
 + Level 0.4 Necromancy
 + Level 0.4 Translocations
 + Level 0.4 Transmutations
 + Level 0.4 Fire Magic
 + Level 0.4 Ice Magic
 + Level 0.4 Air Magic
 + Level 0.4 Earth Magic
 + Level 0.4 Poison Magic
 + Level 2.6 Invocations
 + Level 0.6 Evocations


You had 3 spell levels left.
You didn't know any spells.
Your spell library contained the following spells:

 Spells                   Type           Power      Damage    Failure   Level
 Ignite Poison            Fire/Tmut/Pois 1%         N/A       86%         3
 Mephitic Cloud           Conj/Pois/Air  1%         N/A       86%         3
 Freezing Cloud           Conj/Ice/Air   0%         6-21      100%        5


Dungeon Overview and Level Annotations

Branches:
Dungeon (2/15)

Altars:
Gozag

Annotations:
D:2 Terence


Innate Abilities, Weirdness & Mutations

You have very sharp teeth.
Your uncanny sense of smell can sniff out nearby items.
Your experience applies equally to all skills.


Message History

You hit the hobgoblin but do no damage.
The hobgoblin is severely wounded.
You block the hobgoblin's attack.
You closely miss the hobgoblin.
The hobgoblin is severely wounded.
You block the hobgoblin's attack. The hobgoblin closely misses you.
You barely miss the hobgoblin.
You bite the hobgoblin, but do no damage.
The hobgoblin is severely wounded.
The hobgoblin barely misses you.
You closely miss the hobgoblin.
The hobgoblin is severely wounded.
You block the hobgoblin's attack.
You hit the hobgoblin.
You kill the hobgoblin!
You hit Terence but do no damage. You bite Terence, but do no damage.
You block Terence's attack.
You hit Terence but do no damage. Terence hits you with a +0 mace.
You block Terence's attack.
You barely miss Terence. Terence misses you.
You barely miss Terence. You block Terence's attack.
You hit Terence but do no damage. You block Terence's attack.
You hit Terence but do no damage. Terence barely misses you.
You hit Terence. Your bite misses Terence.
Terence is lightly wounded.
Terence misses you. You block Terence's attack.
You closely miss Terence.
Terence is lightly wounded.
Terence hits you with a +0 mace.
* * * LOW HITPOINT WARNING * * *
You closely miss Terence. Terence hits you with a +0 mace.
* * * LOW HITPOINT WARNING * * *
You hit Terence. Your bite misses Terence.
Terence is lightly wounded.
Terence says, "Time to say good-bye..."
Terence barely misses you.
You hit Terence but do no damage.
Terence is lightly wounded.
Terence hits you with a +0 mace.
You die...

#.. ∆ #.# #.# .#
#.##.# #.##.#
#########.##.#
#####..........#.#####
#...#.#######...>.....
#...>....@@....#.##.##
#...#.#####......##.#
##.##.#
#.###.....###.# #.##.#
#.# #.........# #.##.#
#.# #...†.#.### #.##.#
#.....#.)....# #.##.#
####........... #.##.#
##<#.....(.. #.##.#
...........


You could see Terence.

Vanquished Creatures
  A ball python (D:1)
  2 endoplasms
  A giant cockroach (D:2)
  6 goblins
  3 hobgoblins
  3 kobolds
  2 quokkas
  2 bats (D:1)
  A frilled lizard (D:2)
  A rat (D:1)
22 creatures vanquished.

Notes
Turn   | Place    | Note
-------+----------+-------------------------------------------
     0 | D:1      | Rennog the Gnoll Wanderer began the quest for the Orb.
     0 | D:1      | Rennog set off with the following items: a +0 hand axe, 2
                  | throwing nets, a +0 leather armour, a +0 buckler
     0 | D:1      | Reached XP level 1. HP: 23/23 MP: 2/2
     8 | D:1      | Found a faded altar of an unknown god.
   157 | D:1      | Reached XP level 2. HP: 29/29 MP: 3/3
   548 | D:2      | Found an opulent altar of Gozag.
   628 | D:2      | Reached XP level 3. HP: 27/35 MP: 4/4
   730 | D:2      | Noticed Terence
   769 | D:2      | Slain by Terence

Illustrated notes

Levels and vault maps discovered:
D:1:      scummos_arrival_simple_crosswalls, layout_rooms,
          dreamdust_ecumenical_altar_statues
D:2:      cheibrodos_helix_gallery, layout_loops_ring, basic_altar, uniq_terence

Action                   || total
-------------------------++-------
Melee: Hand axe          ||    90
       Bite              ||    11
 Stab: Sleeping          ||     1
Armor: Leather armour    ||     9
Dodge: Dodged            ||    38
Block: Buckler           ||    38

Table legend: (Time is in decaauts)
 A = Elapsed time spent in this place.
 B = Non-inter-level travel time spent in this place.
 C = Inter-level travel time spent in this place.
 D = Time resting spent in this place.
 E = Time spent auto-exploring this place.
 F = Levels seen in this place.
 G = Mean time per level.
                   A        B        C        D        E       F      G
               +--------+--------+--------+--------+--------+-----+--------+
         Total |    787 |    762 |     25 |      0 |    546 |   2 |  393.5 |
       Dungeon |    787 |    762 |     25 |      0 |    546 |   2 |  393.5 |
               +--------+--------+--------+--------+--------+-----+--------+

Top non-repeatable levels by time:
     D:1: 534 daAuts
     D:2: 253 daAuts
